Map: Cyber Forest LE

Players

Clem

  • Race: Terran Terran
  • Spawn Location: 11:00

HellraiseR - Winner!

  • Race: Protoss Protoss
  • Spawn Location: 5:00

Event: 2019 WCS Spring

VOD

Have the link to the VOD?

Description

Time

  • Played on: May 17, 2019, 7:19 a.m.
  • Length: 12:41

All games in this series

Show
View Real Time Build Order
Export as new Build Order

Clem Terran 

Build Orders:  

Get SALT Encoding   

  12  0:00  SCV  
  13  0:12  SCV  
  14  0:17  Supply Depot  
  14  0:25  SCV  
  15  0:29  Refinery  
  15  0:38  SCV  
  16  0:45  Barracks  
  16  0:50  SCV  
  17  1:02  SCV  
  18  1:15  SCV  
  19  1:32  Orbital Command, Marine  
  20  1:47  Command Center  
  20  1:50  Barracks Reactor  
  20  1:59  Factory  
  20  2:07  Supply Depot  
  20  2:11  SCV  
  21  2:17  Refinery  
  21  2:24  SCV  
  21  2:26  Marine  
  21  2:28  Marine  
  24  2:36  SCV  
  24  2:44  Factory Tech Lab  
  24  2:46  Marine  
  24  2:48  SCV  
  26  2:56  Marine  
  24  3:00  SCV  
  24  3:03  Starport, Marine  
  25  3:09  Siege Tank  
  28  3:18  Orbital Command  
  28  3:21  Marine  
  28  3:23  Marine  
  31  3:27  SCV  
  31  3:41  Siege Tank, Marine x2  
  36  3:49  Viking  
  36  3:53  SCV  
  36  3:54  SCV  
  40  3:59  Supply Depot  
  40  4:01  Marine x2  
  42  4:08  SCV x2  
  44  4:19  Marine  
  44  4:20  Siege Tank  
  44  4:21  SCV  
  47  4:28  Marine  
  47  4:29  SCV  
  45  4:33  Viking  
  45  4:37  Marine  
  48  4:39  Supply Depot  
  48  4:44  Engineering Bay  
  48  4:46  SCV  
  48  4:48  Marine  
  50  4:54  Siege Tank  
  50  4:57  SCV  
  54  5:00  Marine  
  54  5:05  Marine  
  54  5:06  SCV  
  57  5:10  Medivac  
  58  5:17  Supply Depot  
  58  5:18  Marine  
  58  5:19  SCV  
  59  5:23  Marine  
  60  5:31  SCV x2  
  62  5:40  Barracks x2  
  62  5:43  SCV  
  62  5:48  Marine  
  62  5:49  Marine  
  65  5:50  SCV  
  65  5:51  Bunker  
  65  5:56  SCV, Starport Tech Lab  
  67  6:02  Factory Reactor  
  67  6:04  SCV  
  67  6:05  Supply Depot  
  67  6:09  Marine x2  
  70  6:15  Terran Infantry Weapons Level 1  
  70  6:19  Refinery  
  70  6:21  Starport Reactor  
  70  6:25  Supply Depot  
  70  6:27  SCV x2  
  70  6:29  Supply Depot  
  70  6:31  Marine x2  
  74  6:35  Stimpack  
  74  6:38  Marauder, Combat Shield  
  74  6:39  SCV  
  77  6:43  SCV  
  80  6:47  Marauder  
  80  6:49  Widow Mine x2, Supply Depot  
  80  6:50  Marine  
  80  6:51  Marine  
  86  6:57  Supply Depot  
  86  6:59  Marauder  
  65  7:08  Marauder  
  65  7:15  Orbital Command  
  53  7:19  Marine  
  53  7:21  Marauder  
  53  7:22  Marine  
  54  7:24  SCV  
  57  7:30  Marauder  
  43  7:42  Marauder  
  44  7:52  SCV x2  
  46  8:04  Medivac  
  48  8:09  Terran Infantry Armor Level 1, Marine x2  
  48  8:12  Marauder  
  52  8:14  Marauder  
  52  8:16  SCV x2  
  56  8:26  Widow Mine  
  58  8:27  Marine x2  
  58  8:29  Widow Mine  
  58  8:32  SCV  
  58  8:33  SCV  
  66  8:34  Marauder  
  66  8:39  Marauder  
  68  8:45  Orbital Command  
  68  8:46  Supply Depot  
  68  8:51  SCV  
  69  9:01  Marauder x2  
  73  9:07  Widow Mine  
  75  9:12  Widow Mine  
  75  9:13  SCV  
  75  9:16  Orbital Command  
  77  9:18  Marine  
  74  9:29  Marauder  
  76  9:36  Barracks Tech Lab  
  76  9:37  Marine x2  
  78  9:42  SCV  
  79  9:46  SCV  
  79  9:50  Starport Reactor  
  80  9:53  Concussive Shells  
  80  9:57  Widow Mine x2  
  84  10:03  Supply Depot  
  84  10:04  Marine x2  
  86  10:14  Supply Depot  
  86  10:24  SCV  
  86  10:25  SCV, Marauder, Widow Mine x2  
  93  10:36  SCV, Medivac x2  
  93  10:37  SCV  
  93  10:39  Refinery, Marine x2  
  101  10:47  Supply Depot  
  101  10:58  Widow Mine  
  101  11:01  Marauder  
  101  11:02  Widow Mine  
  102  11:08  Medivac, Marine x2  
  102  11:09  Marauder, SCV  
  109  11:20  Widow Mine  
  109  11:25  Marauder  
  101  11:26  Medivac  
  101  11:27  SCV  
  101  11:30  Marine x2  
  106  11:32  Marauder  
  106  11:38  Widow Mine  
  104  11:44  Supply Depot  
  104  11:46  Marine  
  105  11:47  Marine  
  105  11:51  Marine  
  105  11:53  Medivac  
  106  11:58  Missile Turret  
  106  12:02  Marauder  
  102  12:09  Orbital Command  
  102  12:11  Marine  
Show
View Real Time Build Order
Export as new Build Order

HellraiseR Protoss - Winner!

Build Orders: Archon Immortal 

Get SALT Encoding   

  12  0:00  Probe  
  13  0:12  Probe  
  14  0:17  Pylon  
  14  0:23  Probe  
  15  0:31  Probe  
  15  0:38  Gateway  
  15  0:39  Probe  
  16  0:47  Assimilator  
  17  0:51  Probe  
  18  1:03  Probe  
  19  1:15  Probe  
  19  1:17  Zealot  
  20  1:24  Cybernetics Core  
  20  1:28  Probe  
  20  1:32  Pylon  
  23  1:51  Nexus  
  23  1:52  Adept  
  25  2:02  Warp Gate  
  25  2:03  Probe  
  26  2:13  Assimilator  
  26  2:15  Probe  
  27  2:20  Stalker  
  27  2:27  Probe  
  30  2:39  Probe  
  30  2:41  Gateway  
  31  2:55  Probe  
  31  2:56  Gateway  
  30  3:00  Stalker  
  30  3:04  Probe  
  30  3:05  Probe  
  31  3:10  Pylon  
  31  3:12  Probe  
  32  3:13  Probe  
  34  3:20  Probe  
  34  3:21  Probe  
  36  3:29  Robotics Facility  
  36  3:32  Probe  
  37  3:35  Probe  
  38  3:47  Probe  
  40  3:50  Stalker x2  
  40  3:51  Zealot  
  40  3:53  Probe  
  46  3:59  Probe  
  46  4:02  Pylon  
  47  4:05  Probe  
  48  4:11  Probe  
  49  4:17  Probe  
  49  4:22  Immortal  
  49  4:23  Probe  
  49  4:30  Stalker  
  44  4:36  Twilight Council  
  44  4:37  Stalker  
  44  4:38  Stalker  
  51  4:43  Pylon  
  51  4:45  Pylon  
  51  4:50  Immortal  
  51  4:54  Zealot  
  53  5:01  Zealot x2  
  53  5:03  Charge  
  53  5:05  Probe  
  53  5:06  Probe  
  63  5:15  Shield Battery  
  63  5:17  Zealot, Probe  
  66  5:25  Gateway  
  66  5:26  Gateway  
  66  5:28  Zealot  
  68  5:34  Warp Prism  
  66  5:38  Gateway  
  66  5:41  Gateway x2  
  66  5:47  Zealot  
  70  5:50  Zealot  
  70  5:52  Zealot  
  74  5:59  Assimilator  
  74  6:02  Assimilator, Templar Archives  
  74  6:06  Pylon  
  74  6:10  Zealot x2  
  78  6:23  Pylon  
  78  6:26  Pylon  
  78  6:38  High Templar  
  78  6:39  Zealot x2, High Templar  
  86  6:41  Zealot x2  
  86  6:42  Zealot x2, Archon  
  86  7:06  Zealot x3  
  86  7:07  Zealot x3  
  74  7:12  Zealot x2  
  71  7:20  Probe x2  
  55  7:39  Zealot  
  55  7:42  Probe  
  55  7:43  Probe  
  42  7:50  High Templar x4  
  42  7:51  Zealot x2  
  54  7:56  Zealot, Archon x2  
  54  7:57  Zealot  
  54  7:58  Probe x2  
  60  8:06  Probe x2  
  62  8:15  Probe x2  
  62  8:18  Zealot x3, Blink  
  70  8:29  Observer  
  71  8:50  Probe  
  72  8:56  Zealot x3  
  72  8:57  Zealot x5, Psionic Storm  
  88  9:20  Immortal  
  68  9:36  Stalker, Sentry x2  
  68  9:37  High Templar x2  
  68  9:38  Zealot x3  
  88  9:48  Immortal  
  92  10:02  Pylon  
  92  10:06  Dark Shrine  
  91  10:22  Immortal  
  91  10:23  Probe  
  96  10:34  Stalker x4  
  96  10:35  Stalker  
  105  10:43  Pylon  
  91  11:10  Stalker  
  91  11:11  Stalker, Zealot x3  
  95  11:14  Stalker x3  
  89  11:36  Dark Templar x2  
  89  11:39  Zealot x4  
  95  11:42  Dark Templar  
  95  11:46  Observer  
  94  11:57  Stalker  
  96  12:09  Zealot x3  
  96  12:12  Stalker  
  90  12:33  Nexus  
Tags
 
Add a new tag
Caveats
  • Supply blocks, unpowered buildings, or Contaminate may cause inaccurate times.
  • Supply counts are checked every 10 seconds.